 Dungeon Crawl Stone Soup version 0.31.0-12-g77e489cdc1 (webtiles) character file.

Game seed: 3003155252748662812

2462 KennySheep the Skirmisher (level 9, -5/67 HPs)
             Began as a Demigod Hunter on Mar 2, 2024.
             Killed from afar by a steam dragon (16 damage)
             ... with a ball of steam
             ... on level 7 of the Dungeon.
             The game lasted 00:11:58 (5204 turns).

KennySheep the Skirmisher (Demigod Hunter)          Turns: 5204, Time: 00:11:59

Health: -5/67      AC:  4    Str: 12    XL:     9   Next: 5%
Magic:  11/11      EV: 20    Int: 11    God:
Gold:   200        SH:  0    Dex: 35    Spells: 8/8 levels left

rFire   . . .        a - +0 shortbow
rCold   . . .        (shield currently unavailable)
rNeg    . . .        c - +0 leather armour
rPois   +            m - +0 helmet
rElec   .            (no cloak)
rCorr   .            (no gloves)
SInv    .            (no boots)
Will    .....        v - amulet of regeneration
Stlth   +++          k - +6 ring of dexterity
HPRegen 1.11/turn    D - ring of poison resistance
MPRegen 0.12/turn

%: no passive effects
@: no status effects
A: high MP 1, forlorn, divine attributes
a: no special abilities


You were on level 7 of the Dungeon.
You visited 1 branch of the dungeon, and saw 7 of its levels.

You collected 272 gold pieces.
You spent 72 gold pieces at shops.

Inventory:

Hand Weapons
 a - a +0 shortbow (weapon)
Armour
 c - a +0 leather armour (worn)
 m - a +0 helmet (worn)
Jewellery
 k - a +6 ring of dexterity (left hand)
 n - a ring of ice
 v - an amulet of regeneration (around neck)
 w - a ring of flight
 D - a ring of poison resistance (right hand)
 J - a ring of magical power
Wands
 F - a wand of charming (12)
 I - a wand of flame (17)
Scrolls
 b - a scroll of butterflies
 e - 2 scrolls of blinking
 f - a scroll of amnesia
 i - 5 scrolls of teleportation
 j - 3 scrolls of immolation
 q - a scroll of fog
 r - 3 scrolls of enchant weapon
 s - a scroll of fear
 u - a scroll of summoning
 y - a scroll of noise {unknown}
 C - a scroll of silence {unknown}
 E - a scroll of brand weapon {unknown}
 G - a scroll of revelation {unknown}
 H - a scroll of identify
Potions
 d - a potion of curing
 g - a potion of brilliance
 h - 2 potions of berserk rage
 l - 2 potions of might
 o - a potion of resistance {unknown}
 p - a potion of invisibility {unknown}
 t - a potion of heal wounds {unknown}
 x - a potion of enlightenment {unknown}
 z - a potion of mutation {unknown}
 A - a potion of lignification {unknown}
 B - a potion of haste {unknown}


   Skills:
 - Level 1.7 Fighting
 * Level 10.1 Ranged Weapons
 + Level 6.9 Dodging
 - Level 0.8 Stealth


You had 8 spell levels left.
You didn't know any spells.
Your spell library contained the following spells:

 Spells                   Type           Power      Damage    Failure   Level
 Magic Dart               Conj           0%         1d3       41%         1
 Mercury Vapours          Alch/Air       0%         N/A       56%         2
 Searing Ray              Conj           0%         2d4       56%         2
 Mephitic Cloud           Conj/Alch/Air  0%         N/A       80%         3
 Volatile Blastmotes      Fire/Tloc      0%         2d10      80%         3
 Fulminant Prism          Conj/Alch      0%         3d5       99%         4
 Iskenderun's Mystic Bla  Conj/Tloc      0%         2d3       99%         4
 Freezing Cloud           Conj/Ice/Air   0%         6-21      100%        5


Dungeon Overview and Level Annotations

Branches:
Dungeon (7/15)
 Temple: D:4-7

Shops:
D:4 *   D:5 :*

Annotations:
D:4 1 runed translucent door, Crazy Yiuf
D:5 2 transporters, RancidPinata's ghost, amateur GrGl
D:7 Jeremiah


Innate Abilities, Weirdness & Mutations

You have an increased reservoir of magic. (+10% MP)
You shall have no god before yourself.
Your divine heritage dramatically boosts your attributes as you level up.


Message History

You shoot an arrow. The arrow hits the bullfrog!
You kill the bullfrog!
You shoot an arrow.
The arrow barely misses the steam dragon.
The arrow barely misses the white imp.
The steam dragon breathes steam at you. The ball of steam hits you!
You shoot an arrow.
The arrow closely misses the steam dragon.
The arrow hits the white imp but does no damage.
You are engulfed in a cloud of scalding steam.
The steam dragon barely misses you. The steam dragon claws you.
You shoot an arrow. The arrow hits the steam dragon.
The steam dragon is lightly wounded.
You are engulfed in a cloud of scalding steam.
The steam dragon misses you. The steam dragon barely misses you.
You shoot an arrow.
The arrow hits the steam dragon but does no damage.
The steam dragon is lightly wounded.
You are engulfed in a cloud of scalding steam.
The steam dragon bites you but does no damage.
The steam dragon closely misses you.
The white imp shouts, "Decamp, thou obnoxious fob-snatching tinkerer!"
You shoot an arrow.
The arrow hits the steam dragon but does no damage.
The steam dragon is lightly wounded.
You are engulfed in a cloud of scalding steam.
The steam dragon breathes steam at you. The ball of steam hits you!
* * * LOW HITPOINT WARNING * * *
You shoot an arrow. The arrow hits the steam dragon!
The steam dragon is heavily wounded.
The steam dragon bites you.
* * * LOW HITPOINT WARNING * * *
The steam dragon closely misses you.
You shoot an arrow. The arrow hits the steam dragon!
The steam dragon is severely wounded.
The steam dragon breathes steam at you. The ball of steam hits you!
You die...

#.#
#.........
#.#
#.#####.##
#.# #.#
#.# #.#
#.# #.#
####.# #.#
#....#
#######.#
#.####
#.......#
#.#
#@#######
#.######
#D#
#......#
#5#
######.#
#.# .#
##.######
.#
#.........
..
#..#######
bb #..#
F.# #..#


You could see a steam dragon (catching breath) and a white imp.

Vanquished Creatures
  Pikel (D:4)
  Grinder (D:3)
  A water moccasin (D:6)
  An ice beast (D:6)
  3 black bears
  An orc warrior (D:5)
  2 ogres
  A centaur (D:6)
  2 phantoms
  A lemure (D:4)
  4 bullfrogs
  3 scorpions
  3 killer bees (D:5)
  A howler monkey (D:5)
  A jelly (D:4)
  2 hounds (D:4)
  An orc priest (D:4)
  2 orc wizards (D:5)
  4 adders
  A shadow imp (D:6)
  A white imp (D:6)
  2 dart slugs
  2 ribbon worms
  18 orcs
  14 endoplasms
  2 giant cockroaches
  9 goblins
  10 hobgoblins
  7 kobolds
  2 quokkas
  7 ball pythons
  9 bats
  8 rats
127 creatures vanquished.

Notes
Turn   | Place    | Note
-------+----------+-------------------------------------------
     0 | D:1      | KennySheep the Demigod Hunter began the quest for the Orb.
     0 | D:1      | Reached XP level 1. HP: 17/17 MP: 3/3
    86 | D:1      | Reached skill level 4 in Ranged Weapons
    86 | D:1      | Reached XP level 2. HP: 24/24 MP: 4/4
   789 | D:1      | Reached XP level 3. HP: 29/29 MP: 5/5
  1674 | D:3      | Noticed Grinder
  1694 | D:3      | Killed Grinder
  1695 | D:3      | Reached skill level 5 in Ranged Weapons
  1695 | D:3      | Reached XP level 4. HP: 10/36 MP: 6/6
  1695 | D:3      | Reached XP level 5. HP: 12/41 MP: 7/7
  2231 | D:4      | Found Seow's Superlative Supplies.
  2249 | D:4      | Found a runed translucent door.
  2250 | D:4      | Noticed Crazy Yiuf
  2277 | D:4      | Reached skill level 6 in Ranged Weapons
  2277 | D:4      | Reached XP level 6. HP: 45/48 MP: 8/8
  2944 | D:4      | Noticed Pikel
  2968 | D:4      | HP: 2/48 [Pikel/+2 whip of flaming (3)]
  2969 | D:4      | Killed Pikel
  2970 | D:4      | Reached skill level 7 in Ranged Weapons
  2970 | D:4      | Reached skill level 5 in Dodging
  2970 | D:4      | Reached XP level 7. HP: 3/53 MP: 9/9
  3419 | D:5      | Entered Level 5 of the Dungeon
  3472 | D:5      | Found Culy Hips's Book Boutique.
  3624 | D:5      | Reached skill level 8 in Ranged Weapons
  3627 | D:5      | Found a transporter.
  3629 | D:5      | Noticed RancidPinata's ghost (amateur GrGl)
  3630 | D:5      | Found a transporter.
  3668 | D:5      | Found Taacs's Assorted Antiques.
  3679 | D:5      | Bought a bubbling sapphire potion for 23 gold pieces
  3679 | D:5      | Bought a scroll labelled MOSCHA FICHIO for 26 gold pieces
  3679 | D:5      | Bought a lumpy orange potion for 23 gold pieces
  3731 | D:5      | Reached XP level 8. HP: 21/60 MP: 10/10
  4058 | D:5      | Found the +1 Delatra's gloves {ID++}
  4673 | D:6      | Reached skill level 9 in Ranged Weapons
  5097 | D:7      | Reached skill level 10 in Ranged Weapons
  5097 | D:7      | Reached XP level 9. HP: 67/67 MP: 11/11
  5128 | D:7      | Noticed Jeremiah
  5204 | D:7      | Killed from afar by a steam dragon

Illustrated notes

Levels and vault maps discovered:
D:1:      elethiomel_arrival_maze, layout_basic,
          dreamdust_ecumenical_altar_grove, minmay_hexomino_p4
D:2:      layout_loops_ring, nicolae_the_louvre
D:3:      layout_basic, uniq_grinder
D:4:      kennysheep_big_flooded_room, layout_basic, nicolae_alphabet_shops,
          minivault_24, uniq_pikel, uniq_crazy_yiuf_cottage
D:5:      layout_loops_ring, gammafunk_ghost_mausoleum, serial_shops, shop,
          shop, pf_guarded_unrand_delatra
D:6:      layout_basic, jmf_multi_god_temple2, minmay_temple_entry_from_below_a
D:7:      layout_loops_ring, lemuel_doored_altar,
          nicolae_wu_jian_immortal_techniques, uniq_maggie, uniq_jeremiah

Skill      XL: |  1  2  3  4  5  6  7  8 |
---------------+-------------------------+-----
Dodging        | 2 3 5 6 |  6.9
Ranged Weapons | 4 5 6 7 8 10 | 10.1
Fighting       | |  1.7
Stealth        | |  0.8

Action                     |  1- 3 |  4- 6 |  7- 9 || total
---------------------------+-------+-------+-------++-------
   Fire: Shortbow          |   170 |    86 |   197 ||   453
    Use: Scroll            |     1 |     7 |     1 ||     9
         Potion            |       |     3 |     2 ||     5
 Armour: Leather armour    |    33 |    24 |    58 ||   115
  Dodge: Dodged            |    42 |    21 |    82 ||   145
